| TOP OF THE 1ST |
|
Salinas Fire Frogs batting - Pitching for Fresno Grizzlies : RHP Jerry Bonilla
|
|
Pitching: RHP Jerry Bonilla
|
|
|
Batting: LHB Kent Keiser
|
0-0: Called Strike 0-1: Swinging Strike 0-2: Foul Ball, location: 2F 0-2: Foul Ball, location: 2F 0-2: Ball 1-2: Ball 2-2: Ball 3-2: Fly out, F9 (Flyball, 9LD, EV 75.0 MPH)
|
|
Batting: RHB Carlos Urias
|
0-0: Ball 1-0: Ground out 5-3 (Groundball, 56S, EV 83.1 MPH)
|
|
Batting: RHB Kevin Mitchell
|
0-0: Ball 1-0: DOUBLE (Line Drive, 7LS, EV 88.1 MPH)
|
|
Batting: RHB Bruce Morrison
|
0-0: Ball Wild Pitch! Kevin Mitchell to third 1-0: Called Strike 1-1: Foul Ball, location: 2F 1-2: Ball 2-2: Strikes out swinging
|
| Top of the 1st over - 0 runs, 1 hit, 0 errors, 1 left on base; Salinas 0 - Fresno 0 |
| BOTTOM OF THE 1ST |
|
Fresno Grizzlies batting - Pitching for Salinas Fire Frogs : RHP Vinnie Yuhas
|
|
Pitching: RHP Vinnie Yuhas
|
|
|
Batting: RHB Mike Jirschele
|
0-0: SINGLE (Line Drive, 3D, EV 99.4 MPH)
|
|
Batting: LHB Roger Hill
|
0-0: Ball 1-0: Called Strike 1-1: Ball 2-1: Ball 3-1: Base on Balls Mike Jirschele to second
|
|
Batting: RHB Chris Fernandez
|
0-0: Ball Mike Jirschele steals 3rd base Roger Hill to second 1-0: Foul Ball, location: 2F 1-1: Single, Error in OF, E7, batter to second base (Line Drive, 7S, EV 95.6 MPH) Mike Jirschele scores Roger Hill scores
|
|
Batting: LHB Ron Oddo
|
0-0: Ball 1-0: Foul Ball, location: 2F 1-1: Swinging Strike 1-2: Foul Ball, location: 2F 1-2: Ball 2-2: Foul Ball, location: 2F 2-2: Ball 3-2: Foul Ball, location: 2F 3-2: Ground out 3-1 (Groundball, 34, EV 90.6 MPH) Chris Fernandez to third
|
|
Batting: RHB Tom Johnson
|
0-0: Ball 1-0: Ground out 4-3 (Groundball, 4, EV 88.8 MPH) Chris Fernandez scores
|
|
Batting: RHB Mike King
|
0-0: Swinging Strike 0-1: Fly out, F8 (Line Drive, 8LM, EV 86.3 MPH)
|
| Bottom of the 1st over - 3 runs, 2 hits, 1 error, 0 left on base; Salinas 0 - Fresno 3 |
| TOP OF THE 2ND |
|
Salinas Fire Frogs batting - Pitching for Fresno Grizzlies : RHP Jerry Bonilla
|
|
Batting: LHB Keith Bragg
|
0-0: Fly out, F4 (Popup, 34D, EV 55.0 MPH)
|
|
Batting: LHB Daryl Pitts
|
0-0: Ball 1-0: Called Strike 1-1: Fly out, F8 (Flyball, 8LD, EV 92.5 MPH)
|
|
Batting: LHB Charles McGehee
|
0-0: Swinging Strike 0-1: Swinging Strike 0-2: Foul Ball, location: 2F 0-2: Ball 1-2: Strikes out swinging
|
| Top of the 2nd over - 0 runs, 0 hits, 0 errors, 0 left on base; Salinas 0 - Fresno 3 |
| BOTTOM OF THE 2ND |
|
Fresno Grizzlies batting - Pitching for Salinas Fire Frogs : RHP Vinnie Yuhas
|
|
Batting: RHB Ivan Mesa
|
0-0: Ball 1-0: Called Strike 1-1: Reached on error, E5 (Groundball, 56S, EV 70.0 MPH)
|
|
Batting: LHB Russ Aldrich
|
0-0: Ball 1-0: Called Strike 1-1: Called Strike 1-2: SINGLE (Groundball, 34D, EV 103.8 MPH) Ivan Mesa to third Runner from 3rd tries for Home, SAFE, throw by RF to home Russ Aldrich to second
|
|
Batting: RHB Emilio Carrasquel
|
0-0: Called Strike 0-1: SINGLE (Groundball, 4D, EV 101.9 MPH) Russ Aldrich to third Runner from 3rd tries for Home, SAFE, throw by CF to home
|
|
Batting: RHB Mike Jirschele
|
0-0: Called Strike 0-1: Foul Ball, location: 2F 0-2: Ball 1-2: Ball 2-2: Ball 3-2: 2-RUN HOME RUN (Flyball, 78XD, EV 105.6 MPH), Distance : 398 ft
|
|
Pitching: RHP Thomas Schneider
|
|
|
Batting: LHB Roger Hill
|
0-0: Ball 1-0: Foul Ball, location: 2F 1-1: Foul Ball, location: 2F 1-2: Ground out 4-3 (Groundball, 4, EV 81.3 MPH)
|
|
Batting: RHB Chris Fernandez
|
0-0: Called Strike 0-1: Ball 1-1: Ball 2-1: Swinging Strike 2-2: Fly out, F8 (Flyball, 78M, EV 86.9 MPH)
|
|
Batting: LHB Ron Oddo
|
0-0: Foul Ball, location: 2F 0-1: Ball 1-1: Ball 2-1: Foul Ball, location: 2F 2-2: Foul Ball, location: 2F 2-2: Ground out 4-3 (Groundball, P, EV 80.6 MPH)
|
| Bottom of the 2nd over - 4 runs, 3 hits, 1 error, 0 left on base; Salinas 0 - Fresno 7 |
| TOP OF THE 3RD |
|
Salinas Fire Frogs batting - Pitching for Fresno Grizzlies : RHP Jerry Bonilla
|
|
Batting: RHB Ramon Jimenez
|
0-0: Fly out, F9 (Line Drive, 9, EV 99.4 MPH)
|
|
Batting: RHB Bruce Seid
|
0-0: Swinging Strike 0-1: Called Strike 0-2: Ball 1-2: Ball 2-2: SINGLE (Groundball, 13S, EV 65.0 MPH) (infield hit)
|
|
Batting: LHB Kent Keiser
|
0-0: Ball 1-0: Called Strike 1-1: Swinging Strike 1-2: Ball 2-2: Strikes out swinging
|
|
Batting: RHB Carlos Urias
|
0-0: Ball 1-0: Foul Ball, location: 2F 1-1: Called Strike Bruce Seid is caught stealing 2nd base 2-4
|
| Top of the 3rd over - 0 runs, 1 hit, 0 errors, 0 left on base; Salinas 0 - Fresno 7 |
| BOTTOM OF THE 3RD |
|
Fresno Grizzlies batting - Pitching for Salinas Fire Frogs : RHP Thomas Schneider
|
|
Batting: RHB Tom Johnson
|
0-0: Ball 1-0: Foul Ball, location: 2F 1-1: Swinging Strike 1-2: Foul Ball, location: 2F 1-2: Foul Ball, location: 2F 1-2: Ball 2-2: Foul Ball, location: 2F 2-2: Ball 3-2: Fly out, F7 (Flyball, 78S, EV 82.5 MPH)
|
|
Batting: RHB Mike King
|
0-0: Fly out, F3 (Popup, 3F, EV 61.9 MPH)
|
|
Batting: RHB Ivan Mesa
|
0-0: Ball 1-0: Ball 2-0: Called Strike 2-1: Ground out 1-3 (Groundball, 15S, EV 60.6 MPH)
|
| Bottom of the 3rd over - 0 runs, 0 hits, 0 errors, 0 left on base; Salinas 0 - Fresno 7 |
| TOP OF THE 4TH |
|
Salinas Fire Frogs batting - Pitching for Fresno Grizzlies : RHP Jerry Bonilla
|
|
Batting: RHB Carlos Urias
|
0-0: Ball 1-0: Ball 2-0: Called Strike 2-1: Ball 3-1: Ground out 4-3 (Groundball, 4, EV 108.8 MPH)
|
|
Batting: RHB Kevin Mitchell
|
0-0: Called Strike 0-1: Swinging Strike 0-2: Foul Ball, location: 2F 0-2: Ball 1-2: Strikes out swinging
|
|
Batting: RHB Bruce Morrison
|
0-0: Called Strike 0-1: Ball 1-1: Ball 2-1: Ball 3-1: Base on Balls
|
|
Batting: LHB Keith Bragg
|
0-0: Ball 1-0: Ball 2-0: Ball 3-0: Base on Balls Bruce Morrison to second
|
|
Batting: LHB Daryl Pitts
|
0-0: SINGLE (Line Drive, 89M, EV 104.4 MPH) Bruce Morrison to third Keith Bragg to second Runner from 3rd tries for Home, SAFE, throw by RF to home
|
|
Batting: LHB Charles McGehee
|
0-0: Foul Ball, location: 2F 0-1: Ball 1-1: Ball 2-1: Ball 3-1: Called Strike 3-2: Foul Ball, location: 2F 3-2: Ground out 4-3 (Groundball, 4, EV 100.0 MPH)
|
| Top of the 4th over - 1 run, 1 hit, 0 errors, 2 left on base; Salinas 1 - Fresno 7 |
| BOTTOM OF THE 4TH |
|
Fresno Grizzlies batting - Pitching for Salinas Fire Frogs : RHP Thomas Schneider
|
|
Batting: LHB Russ Aldrich
|
0-0: Ball 1-0: Ball 2-0: Ball 3-0: Base on Balls
|
|
Batting: RHB Emilio Carrasquel
|
0-0: Swinging Strike Russ Aldrich steals 2nd base 0-1: Ball 1-1: Swinging Strike 1-2: Ball 2-2: Ball 3-2: Base on Balls
|
|
Batting: RHB Mike Jirschele
|
0-0: Foul Ball, location: 2F 0-1: SINGLE (Groundball, 4MD, EV 105.6 MPH) Russ Aldrich to third Emilio Carrasquel to second Runner from 3rd tries for Home, SAFE, throw by CF to home
|
|
Batting: LHB Roger Hill
|
0-0: Called Strike 0-1: Fielders Choice at 2nd, 4-6 (Groundball, 4, EV 98.8 MPH) Emilio Carrasquel to third
|
|
Pitching: RHP David Wong
|
|
|
Batting: RHB Chris Fernandez
|
0-0: Ball 1-0: Called Strike 1-1: Grounds into double play, 6-4-3 (Groundball, 6, EV 79.4 MPH)
|
| Bottom of the 4th over - 1 run, 1 hit, 0 errors, 1 left on base; Salinas 1 - Fresno 8 |
| TOP OF THE 5TH |
|
Salinas Fire Frogs batting - Pitching for Fresno Grizzlies : RHP Jerry Bonilla
|
|
Batting: RHB Ramon Jimenez
|
0-0: Swinging Strike 0-1: Called Strike 0-2: Strikes out swinging
|
|
Batting: RHB Bruce Seid
|
0-0: Ball 1-0: Ball 2-0: Ball 3-0: Base on Balls
|
|
Batting: LHB Kent Keiser
|
0-0: Ball 1-0: Swinging Strike 1-1: Foul Ball, location: 2F 1-2: Ball 2-2: Strikes out swinging
|
|
Batting: RHB Carlos Urias
|
0-0: Called Strike 0-1: Foul Ball, location: 2F 0-2: Foul Ball, location: 2F 0-2: Ground out 6-3 (Groundball, 6S, EV 85.6 MPH)
|
| Top of the 5th over - 0 runs, 0 hits, 0 errors, 1 left on base; Salinas 1 - Fresno 8 |
| BOTTOM OF THE 5TH |
|
Fresno Grizzlies batting - Pitching for Salinas Fire Frogs : RHP David Wong
|
|
Batting: LHB Ron Oddo
|
0-0: Ball 1-0: Swinging Strike 1-1: Ball 2-1: Ball 3-1: Base on Balls
|
|
Batting: RHB Tom Johnson
|
0-0: Foul Ball, location: 2F 0-1: Ball 1-1: Grounds into double play, 4-6-3 (Groundball, 34, EV 78.8 MPH)
|
|
Batting: RHB Mike King
|
0-0: Ball 1-0: SINGLE (Groundball, 4MD, EV 95.6 MPH)
|
|
Batting: RHB Ivan Mesa
|
0-0: Ball 1-0: Fielders Choice at 2nd, 5-4 (Groundball, 56, EV 103.8 MPH)
|
| Bottom of the 5th over - 0 runs, 1 hit, 0 errors, 1 left on base; Salinas 1 - Fresno 8 |
| TOP OF THE 6TH |
|
Salinas Fire Frogs batting - Pitching for Fresno Grizzlies : RHP Jerry Bonilla
|
|
Batting: RHB Kevin Mitchell
|
0-0: Ball 1-0: Called Strike 1-1: Ball 2-1: Fly out, F8 (Flyball, 8LD, EV 98.8 MPH)
|
|
Batting: RHB Bruce Morrison
|
0-0: Called Strike 0-1: Foul Ball, location: 2F 0-2: Foul Ball, location: 2F 0-2: Ball 1-2: Foul Ball, location: 2F 1-2: Ground out 4-3 (Groundball, 4D, EV 108.8 MPH)
|
|
Pitching: RHP James Coffman
|
|
|
Batting: LHB Keith Bragg
|
0-0: Foul Ball, location: 2F 0-1: Ball 1-1: Called Strike 1-2: Ball 2-2: Ball 3-2: Base on Balls
|
|
Batting: LHB Daryl Pitts
|
0-0: Ball 1-0: Ball 2-0: Ball 3-0: Called Strike 3-1: Called Strike 3-2: SINGLE (Line Drive, 6, EV 65.0 MPH) (infield hit) Keith Bragg to second
|
|
Batting: LHB Charles McGehee
|
0-0: Ball 1-0: Fly out, F8 (Line Drive, 8LD, EV 94.4 MPH)
|
| Top of the 6th over - 0 runs, 1 hit, 0 errors, 2 left on base; Salinas 1 - Fresno 8 |
| BOTTOM OF THE 6TH |
|
Fresno Grizzlies batting - Pitching for Salinas Fire Frogs : RHP David Wong
|
|
Batting: LHB Russ Aldrich
|
0-0: Ball 1-0: Ball 2-0: Called Strike 2-1: Foul Ball, location: 2F 2-2: Ball 3-2: Fly out, F8 (Flyball, 8RD, EV 107.5 MPH)
|
|
Pitching: RHP John Bulleri
|
|
|
Batting: RHB Emilio Carrasquel
|
0-0: Ball 1-0: SINGLE (Line Drive, 3D, EV 105.6 MPH)
|
|
Batting: RHB Mike Jirschele
|
0-0: Foul Ball, location: 2F 0-1: Fielders Choice at 2nd, 2-4 (Groundball, 2L, EV 70.6 MPH)
|
|
Batting: LHB Roger Hill
|
0-0: Ball Mike Jirschele steals 2nd base 1-0: Called Strike 1-1: Foul Ball, location: 2F 1-2: Ball 2-2: Ground out 5-3 (Groundball, 5, EV 84.4 MPH)
|
| Bottom of the 6th over - 0 runs, 1 hit, 0 errors, 1 left on base; Salinas 1 - Fresno 8 |
| TOP OF THE 7TH |
|
Salinas Fire Frogs batting - Pitching for Fresno Grizzlies : RHP James Coffman
|
|
Batting: RHB Ramon Jimenez
|
0-0: Ball 1-0: Ball 2-0: Foul Ball, location: 2F 2-1: Foul Ball, location: 2F 2-2: Ball 3-2: Foul Ball, location: 2F 3-2: Foul Ball, location: 2F 3-2: Foul Ball, location: 2F 3-2: Base on Balls
|
|
Pinch Hitting: RHB Richard Gonzalez
|
0-0: Fly out, F6 (Popup, 6, EV 73.8 MPH)
|
|
Batting: LHB Kent Keiser
|
0-0: Called Strike 0-1: Ball 1-1: Foul Ball, location: 2F 1-2: Fielders Choice at 2nd, 1-6 (Groundball, 13S, EV 73.1 MPH)
|
|
Pinch Hitting: RHB Richard Doss
|
0-0: Called Strike 0-1: Foul Ball, location: 2F 0-2: Ball 1-2: Foul Ball, location: 2F 1-2: Ball 2-2: Ground out 4-3 (Groundball, 4, EV 90.6 MPH)
|
| Top of the 7th over - 0 runs, 0 hits, 0 errors, 1 left on base; Salinas 1 - Fresno 8 |
| BOTTOM OF THE 7TH |
|
Fresno Grizzlies batting - Pitching for Salinas Fire Frogs : RHP John Bulleri
|
|
Now at 2B: Richard Gonzalez
|
|
|
Now at 3B: Richard Doss
|
|
|
Pinch Hitting: SHB Jeffery Gossett
|
0-0: Fly out, F8 (Flyball, 78D, EV 93.8 MPH)
|
|
Pinch Hitting: LHB Bryon Horn
|
0-0: Called Strike 0-1: Swinging Strike 0-2: Ball 1-2: Ball 2-2: Foul Ball, location: 2F 2-2: Foul Ball, location: 2F 2-2: Ball 3-2: Fly out, F8 (Flyball, 8LM, EV 85.6 MPH)
|
|
Batting: RHB Tom Johnson
|
0-0: Called Strike 0-1: Foul Ball, location: 2F 0-2: Ball 1-2: Ball 2-2: Strikes out looking
|
| Bottom of the 7th over - 0 runs, 0 hits, 0 errors, 0 left on base; Salinas 1 - Fresno 8 |
| TOP OF THE 8TH |
|
Salinas Fire Frogs batting - Pitching for Fresno Grizzlies : RHP James Coffman
|
|
Now at 2B: Bryon Horn
|
|
|
Now at 3B: Jeffery Gossett
|
|
|
Pinch Hitting: LHB Richard Vitato
|
0-0: Called Strike 0-1: Ball 1-1: Swinging Strike 1-2: Foul Ball, location: 2F 1-2: Ball 2-2: Ball 3-2: Foul Ball, location: 2F 3-2: Foul Ball, location: 2F 3-2: Fly out, F6 (Flyball, 56D, EV 90.6 MPH)
|
|
Pitching: RHP Larry Wright
|
|
|
Batting: RHB Bruce Morrison
|
0-0: Ball 1-0: Called Strike 1-1: Ball 2-1: Ball 3-1: Called Strike 3-2: Base on Balls
|
|
Pinch Hitting: LHB Paul Ondo
|
0-0: Swinging Strike 0-1: Fly out, F9 (Flyball, 89M, EV 87.5 MPH)
|
|
Batting: LHB Daryl Pitts
|
0-0: Foul Ball, location: 2F 0-1: Ball 1-1: Ball 2-1: Ground out U3 (Groundball, 3S, EV 83.8 MPH)
|
| Top of the 8th over - 0 runs, 0 hits, 0 errors, 1 left on base; Salinas 1 - Fresno 8 |
| BOTTOM OF THE 8TH |
|
Fresno Grizzlies batting - Pitching for Salinas Fire Frogs : RHP John Bulleri
|
|
Now at 2B: Richard Vitato
|
|
|
Now in LF: Bobby Morin
|
|
|
Batting: RHB Mike King
|
0-0: Ball 1-0: Swinging Strike 1-1: Called Strike 1-2: Strikes out swinging
|
|
Batting: RHB Ivan Mesa
|
0-0: Ball 1-0: Called Strike 1-1: Ball 2-1: Ball 3-1: Called Strike 3-2: Ground out 4-3 (Groundball, 4, EV 97.5 MPH)
|
|
Batting: LHB Russ Aldrich
|
0-0: Ball 1-0: Foul Ball, location: 2F 1-1: Fly out, F7 (Flyball, 78M, EV 81.9 MPH)
|
| Bottom of the 8th over - 0 runs, 0 hits, 0 errors, 0 left on base; Salinas 1 - Fresno 8 |
| TOP OF THE 9TH |
|
Salinas Fire Frogs batting - Pitching for Fresno Grizzlies : RHP Larry Wright
|
|
Batting: LHB Charles McGehee
|
0-0: Ball 1-0: Ball 2-0: Fly out, F9 (Flyball, 9D, EV 101.3 MPH)
|
|
Pinch Hitting: RHB Joe Portale
|
0-0: Ball 1-0: Called Strike 1-1: Ball 2-1: Ball 3-1: Base on Balls
|
|
Batting: RHB Richard Gonzalez
|
0-0: Ball 1-0: Foul Ball, location: 2F 1-1: Fly out, F5 (Popup, 5S, EV 76.9 MPH)
|
|
Batting: LHB Kent Keiser
|
0-0: Swinging Strike 0-1: Foul Ball, location: 2F 0-2: Ball 1-2: Fly out, F9 (Flyball, 89D, EV 81.9 MPH)
|
| Top of the 9th over - 0 runs, 0 hits, 0 errors, 1 left on base; Salinas 1 - Fresno 8 |
|